 Dungeon Sprint DCSS version 0.16-a0-3115-g4870798 (webtiles) character file.

4 BluebellGnoll the Sneak (level 1, -5/9 HPs)
             Began as a Spriggan Wanderer on Dec 13, 2014.
             Slain by a phantom (6 damage)
             ... in the Dungeon (Sprint IX: "|||||||||||||||||||||||||||||").
             The game lasted 00:02:35 (152 turns).

BluebellGnoll the Sneak (Spriggan Wanderer)          Turns: 152, Time: 00:02:35

Health: -5/9       AC:  2    Str:  7    XL:     1   Next: 58%
Magic:  4/4        EV: 18    Int: 12    God:
Gold:   0          SH:  0    Dex: 17    Spells: 1 memorised, 4 levels left

rFire  . . .     SeeInvis +     e - +0 dagger
rCold  . . .     Clarity  .     d - +0 robe
rNeg   . . .     SustAb   .     (shield restricted)
rPois  .         Gourm    .     (helmet restricted)
rElec  .         Spirit   .     (no cloak)
rCorr  .         Warding  .     (gloves unavailable)
rMut   .         NoTele   +     (boots unavailable)
MR     .....                    (no amulet)
Stlth  +++.......               (no ring)
                                (no ring)

@: exhausted, very slightly contaminated, hasted and slowed, very quick, not
resistant to hostile enchantments, fairly stealthy
A: unfitting armour, see invisible, herbivore 3, speed 3, slow metabolism 2
a: no special abilities


You were in the Dungeon.
You were not hungry.

You visited 1 branch

Inventory:

Hand weapons
 e - a +0 dagger (weapon)
Armour
 d - a +0 robe (worn)
Scrolls
 l - a scroll of blinking
Potions
 h - a potion of heal wounds
 j - 2 potions of magic
Books
 b - the Compendium of Necromancy

   Spells                             Type                      Level
   a - Animate Skeleton               Necromancy                   1
   b - Vampiric Draining              Necromancy                   3
 c - the Catalogue of Articulation

   Spells                             Type                      Level
   a - Animate Skeleton               Necromancy                   1
   b - Sublimation of Blood           Necromancy                   2
Comestibles
 f - a bread ration


   Skills:
   Level 1.0 Staves
 - Level 1.1 Throwing
 - Level 3.0 Dodging
 + Level 5.0 Stealth
 - Level 2.6 Spellcasting
 - Level 1.0 Necromancy
   Level 1.5 Fire Magic
   Level 1.3 Evocations


You had 4 spell levels left.
You knew the following spells:

 Your Spells              Type           Power        Failure   Level  Hunger
a - Animate Skeleton      Necr           N/A          17%         1    #......


Dungeon Overview and Level Annotations

Branches:
Dungeon (1/1)

Altars:


Innate Abilities, Weirdness & Mutations

You are tiny and cannot use many weapons and most armour.
You have supernaturally acute eyesight.
You are a herbivore.
You cover ground extremely quickly.
You need consume almost no food.


Message History

The phantom is almost destroyed.
The phantom hits you!
Ouch! That really hurt!
* * * LOW HITPOINT WARNING * * *
The phantom blinks!
You feel a strong urge to attack something.
The crimson imp lashes its tail.
You barely miss the phantom.
The phantom is almost destroyed.
The phantom misses you.
You hit the phantom.
The phantom is almost destroyed.
You are no longer berserk.
You are exhausted.
You feel yourself slow down.
The phantom blinks!
You closely miss the phantom.
The phantom is almost destroyed.
The phantom hits you.
Ouch! That really hurt!
You die... ▓▓▓▓▓▓▓▓▓▓▓▓▓▓▓▓▓▓▓ ▓<.†..W@Zo.h'5....+ ▓▓▓▓▓▓▓▓▓▓▓▓▓▓▓▓▓▓▓

You could see a phantom, a hound, a crimson imp, an orc and an adder zombie.

Vanquished Creatures
  2 bats (D)
  A giant cockroach (D)
  A giant newt (D)
  A rat (D)
5 creatures vanquished.

Vanquished Creatures (others)
  2 bat skeletons (D)
  A giant newt skeleton (D)
  A rat skeleton (D)
4 creatures vanquished.

Grand Total: 9 creatures vanquished

Notes
Turn   | Place    | Note
--------------------------------------------------------------
     0 | D        | BluebellGnoll, the Spriggan Wanderer, began the quest for the Orb.
     0 | D        | BluebellGnoll set off with: the Compendium of Necromancy, the Catalogue of Articulation, a +0 robe, a +0 dagger, a bread ration, a potion of curing, a potion of heal wounds, a potion of haste, 2 potions of magic, a potion of berserk rage, a scroll of blinking
     0 | D        | Reached XP level 1. HP: 9/9 MP: 4/4
     0 | D        | Identified the Compendium of Necromancy
     0 | D        | Identified the Catalogue of Articulation
     2 | D        | Learned a level 1 spell: Animate Skeleton
    39 | D        | Reached skill level 4 in Stealth
    56 | D        | Reached skill level 5 in Stealth
   113 | D        | Noticed a hound
   113 | D        | Noticed a crimson imp
   113 | D        | Noticed a phantom
   152 | D        | Slain by a phantom

Action                   || total
-------------------------++-------
Melee: Dagger            ||    59
 Cast: Animate Skeleton  ||     4
  Use: Potion            ||     3
